 Dungeon Crawl Stone Soup version 0.28-a0-973-ga7f8b01127 (webtiles) character file.

Game seed: 11304243933789329117

221 bearlyready the Chiller (level 5, 0/28 HPs)
             Began as a Deep Elf Ice Elementalist on Dec 1, 2021.
             Succumbed to a killer bee's poison
             ... on level 5 of the Dungeon.
             The game lasted 00:06:16 (4182 turns).

bearlyready the Chiller (Deep Elf Ice Elementalist) Turns: 4182, Time: 00:06:16

Health: 0/28       AC:  3    Str:  5    XL:     5   Next: 65%
Magic:  11/11      EV: 12    Int: 22    God:
Gold:   166        SH:  0    Dex: 15    Spells: 3/10 levels left

rFire   + . .      SeeInvis .   d - +0 dagger
rCold   + . .      Faith    .   (no shield)
rNeg    + . .      Spirit   .   a - +0 robe
rPois   +          Reflect  .   (no helmet)
rElec   +          Harm     .   k - +0 cloak
rCorr   +          Rampage  .   (no gloves)
Will    .....                   (no boots)
Stlth   ++........              (no amulet)
HPRegen 0.09/turn               n - ring of positive energy
MPRegen 0.12/turn               (no ring)

@: lethally poisoned (0 -> -1), resistant, freezing walls, attractive
A: no striking features
a: no special abilities


You were on level 5 of the Dungeon.
You visited 1 branch of the dungeon, and saw 5 of its levels.

You collected 166 gold pieces.

Inventory:

Hand Weapons
 d - a +0 dagger (weapon)
 p - a +0 dagger
Missiles
 b - 122 stones
 o - 26 poisoned darts
Armour
 a - a +0 robe (worn)
 k - a +0 cloak (worn)
Jewellery
 n - a ring of positive energy (left hand)
Wands
 j - a wand of flame (18)
Scrolls
 e - 2 scrolls of identify {unknown}
 f - a scroll of immolation {unknown}
 h - a scroll of enchant weapon {unknown}
Potions
 c - 2 potions of magic
 g - a potion of attraction
 l - a potion of haste {unknown}
 m - a potion of might {unknown}


   Skills:
 - Level 2.4 Dodging
 - Level 2.4 Stealth
 - Level 3.0 Spellcasting
 + Level 7.7 Ice Magic


You had 3 spell levels left.
You knew the following spells:

 Your Spells              Type           Power      Damage    Failure   Level
a - Freeze                Ice            100%       1d11      1%          1
b - Frozen Ramparts       Ice            74%        1d9       1%          3
c - Ozocubu's Armour      Ice            37%        N/A       1%          3

Your spell library contained the following spells:

 Spells                   Type           Power      Damage    Failure   Level
 Animate Skeleton         Necr           6%         N/A       12%         1
 Pain                     Necr           12%        1d4       12%         1
 Shock                    Conj/Air       12%        1d3       12%         1
 Swiftness                Air            3%         N/A       36%         3
 Vampiric Draining        Necr           3%         2d6       36%         3
 Hailstorm                Conj/Ice       20%        3d6       26%         4
 Airstrike                Air            1%         N/A       77%         4


Dungeon Overview and Level Annotations

Branches:
Dungeon (5/15)
 Temple: D:4-7

Altars:


Message History

* * * LOW HITPOINT WARNING * * *
The wall freezes the killer bee.
Casting: Frozen Ramparts (safe; 1% risk of failure)
Confirm with . or Enter, or press ? or * to list all spells.
Aiming: Freeze (safe; 1% risk of failure)
Press: ? - help, Shift-Dir - straight line, f - killer bee
Aim: a killer bee (moderately wounded)
You freeze the killer bee!
The killer bee is severely wounded.
You feel sick.
The wall freezes the killer bee.
A killer bee comes into view.
The wall freezes the killer bee.
The killer bee closely misses you.
The wall freezes the killer bee.
You kill the killer bee!
The wall freezes the killer bee.
You have reached level 5!
Casting: Freeze (safe; 1% risk of failure)
Confirm with . or Enter, or press ? or * to list all spells.
Aiming: Freeze (safe; 1% risk of failure)
Press: ? - help, Shift-Dir - straight line, f - killer bee
Aim: a killer bee (heavily wounded)
You freeze the killer bee.
The killer bee is heavily wounded.
You feel sick.
The wall freezes the killer bee. x2; The killer bee stings you.
* * * LOW HITPOINT WARNING * * *
The wall freezes the killer bee. x2; The killer bee closely misses you.
It was a potion of magic.
Magic courses through your body.
* * * LOW HITPOINT WARNING * * *
You feel sick.
The wall freezes the killer bee. x2
The killer bee barely misses you.
The wall freezes the killer bee. x3
The killer bee misses you.
It was a potion of attraction.
You feel attractive to monsters.
* * * LOW HITPOINT WARNING * * *
You feel sick.
The wall freezes the killer bee. x3
You kill the killer bee!
The wall freezes the killer bee. x2
It was a potion of resistance.
You feel protected.
You die...

##### #...##
#####♣....#####
#..............
#@#....<.♣.###
#y##..Z..h.#
#y###♣....##
#..........##
#.......$###
............
###........##
...........
###........#


You could see 2 killer bees.

Vanquished Creatures
  2 killer bees (D:5)
  An iguana (D:4)
  A scorpion zombie (D:5)
  2 adders
  2 worms (D:2)
  3 dart slugs
  6 endoplasms
  A giant cockroach (D:3)
  7 hobgoblins
  2 jackals (D:2)
  2 quokkas
  A ball python (D:1)
  5 bats
  3 frilled lizards
  7 goblins
  10 kobolds
  4 rats (D:1)
59 creatures vanquished.

Vanquished Creatures (others)
  A fungus (D:3)
  6 plants
7 creatures vanquished.

Grand Total: 66 creatures vanquished

Notes
Turn   | Place    | Note
-------+----------+-------------------------------------------
     0 | D:1      | bearlyready the Deep Elf Ice Elementalist began the quest
                  | for the Orb.
     0 | D:1      | Reached XP level 1. HP: 10/10 MP: 6/6
   475 | D:1      | Reached XP level 2. HP: 12/15 MP: 5/8
   482 | D:1      | Reached skill level 5 in Ice Magic
  1491 | D:1      | Reached XP level 3. HP: 12/19 MP: 7/9
  2467 | D:2      | Reached skill level 6 in Ice Magic
  3119 | D:3      | Reached XP level 4. HP: 24/24 MP: 8/10
  3136 | D:3      | Found a faded altar of an unknown god.
  3957 | D:4      | Learned a level 3 spell: Frozen Ramparts
  3961 | D:4      | Learned a level 3 spell: Ozocubu's Armour
  3969 | D:4      | Noticed an ice beast
  3981 | D:5      | Entered Level 5 of the Dungeon
  4030 | D:5      | Reached skill level 7 in Ice Magic
  4179 | D:5      | Reached XP level 5. HP: 7/28 MP: 6/11
  4181 | D:5      | HP: 1/28 [poisoned by a killer bee]
  4182 | D:5      | Succumbed to a killer bee's poison

Illustrated notes

Levels and vault maps discovered:
D:1:      dpeg_arrival_morbid_curiosity, layout_basic, minmay_surrounded
D:2:      layout_rooms, serial_co_window_serial, co_window_of_opportunity_a,
          co_window_paths_a, co_window_paths_b, co_window_paths_a,
          co_window_paths_b, co_window_corner_b, co_window_corner_b,
          co_window_broadway_a, co_window_broadway_b, co_window_paths_e,
          glass_columns_a, minmay_tiny_reverse_x
D:3:      layout_rooms, shapermc_ecumenical_altar_mp_ritualfount
D:4:      layout_loops_corners, skrybe_limestone_x, serial_bayou_lagoon_a,
          minmay_misc_feat_rugged, chequers_serial_rivers_micro_a
D:5:      layout_basic, serial_shops,
          nicolae_shop_temple_entry_statues_fountains, grunt_ministairs_1,
          minmay_quadrilaterals

Skill      XL: |  1  2  3  4 |
---------------+-------------+-----
Ice Magic      | 5 6 7 |  7.7
Dodging        | |  2.4
Stealth        | |  2.4
Spellcasting   | |  3.0

Action                   |  1- 3 |  4- 6 || total
-------------------------+-------+-------++-------
Melee: Unarmed           |     5 |       ||     5
       Dagger            |    38 |    45 ||    83
 Cast: Freeze            |    59 |    14 ||    73
       Frozen Ramparts   |       |     3 ||     3
       Ozocubu's Armour  |       |     2 ||     2
  Use: Potion            |       |     3 ||     3
 Stab: Distracted        |     1 |       ||     1
       Sleeping          |     4 |     1 ||     5
Armor: Robe              |    16 |    14 ||    30
Dodge: Dodged            |    51 |    34 ||    85

Table legend: (Time is in decaauts)
 A = Elapsed time spent in this place.
 B = Non-inter-level travel time spent in this place.
 C = Inter-level travel time spent in this place.
 D = Time resting spent in this place.
 E = Time spent auto-exploring this place.
 F = Levels seen in this place.
 G = Mean time per level.
                   A        B        C        D        E       F      G
               +--------+--------+--------+--------+--------+-----+--------+
         Total |   4184 |   4057 |    127 |    184 |   3354 |   5 |  836.8 |
       Dungeon |   4184 |   4057 |    127 |    184 |   3354 |   5 |  836.8 |
               +--------+--------+--------+--------+--------+-----+--------+

Top non-repeatable levels by time:
     D:1: 1966 daAuts
     D:2: 1005 daAuts
     D:3: 548 daAuts
     D:4: 463 daAuts
     D:5: 200 daAuts
